AoeStats
← mauriken1202

Arabia

506572150Analyzed
1v1 RM · 19d ago on Sep 14, 2026· 28m 10s· 2 players
Game mode
Random Map
Map size
Tiny (2 player)
Population
200
Speed
Normal
Resources
Standard
Victory
Conquest
Starting age
Dark Age
Ending age
Imperial Age
RankedLock teamsTeams togetherTeam positionsShared explorationLock speedFull tech treeHidden civsTurbo modeCheats
Victory
Defeat
🇲🇽 Vikings · Mexico
1666
+16
🇲🇽 Ethiopians · Mexico
1666
-16
[GDL] Faraon
9:38 Feudal Age
7:56 Loom
15:39 Castle Age
15:30 Double-Bit Axe
17:01 Bow Saw
17:03 Horse Collar
21:23 Scale Mail Armor
23:53 Gold Mining
25:12 Chain Mail Armor
25:19 Forging
26:40 Squires
26:46 Town Watch
29:02 Iron Casting
mauriken1202
6:21 Loom
8:52 Feudal Age
9:44 Double-Bit Axe
10:31 Horse Collar
16:17 Wheelbarrow
19:38 Castle Age
18:07 Gold Mining
18:41 Fletching
20:02 Padded Archer Armor
20:14 Bodkin Arrow
19:45 Crossbowman
20:46 Bow Saw
23:36 Ballistics
23:22 Padded Archer Armor
Connection lost

Rejoining the realm…

Still unreachable

The connection could not be restored.

Session expired

The server has moved on; the page needs a fresh start.